Map: Ascension to Aiur LE

Players

MMA

  • Race: Terran Terran
  • League: Diamond
  • Spawn Location: 5:00

Stephano - Winner!

  • Race: Zerg Zerg
  • League: Grandmaster
  • Spawn Location: 11:00

Event: HomeStory Cup XVI

VOD

Have the link to the VOD?

Description

Time

  • Played on: Nov. 9, 2017, 9:18 a.m.
  • Length: 15:50

All games in this series

Show
View Real Time Build Order
Export as new Build Order

MMA Terran 

Build Orders: Gas First Reaper Expand, Liberator Opening, Reaper Expand, Bio Tank 

Get SALT Encoding   

  12  0:00  SCV  
  13  0:12  SCV  
  14  0:17  Supply Depot  
  14  0:25  SCV  
  15  0:31  Refinery  
  15  0:38  SCV  
  16  0:44  Barracks  
  16  0:50  SCV  
  17  1:02  SCV  
  18  1:15  SCV  
  19  1:30  Orbital Command  
  19  1:31  Reaper  
  20  1:41  Command Center  
  20  1:52  Factory  
  20  1:56  SCV  
  21  2:03  Supply Depot  
  21  2:08  SCV, Barracks Reactor  
  22  2:13  Refinery  
  22  2:20  SCV  
  23  2:32  SCV  
  24  2:41  Starport  
  24  2:44  SCV  
  24  2:49  Hellion x2  
  29  2:53  Orbital Command  
  29  2:55  Barracks Tech Lab  
  30  2:58  SCV  
  30  3:10  SCV  
  30  3:11  Hellion x2  
  36  3:20  SCV  
  36  3:22  SCV  
  36  3:24  Supply Depot  
  37  3:27  Viking  
  37  3:32  SCV  
  40  3:34  SCV  
  40  3:35  Hellion  
  40  3:39  Hellion  
  40  3:40  Liberator  
  45  3:44  SCV  
  45  3:47  Supply Depot, SCV  
  47  3:50  Barracks Tech Lab  
  47  3:56  SCV  
  47  3:59  SCV  
  52  4:08  SCV  
  53  4:11  SCV  
  53  4:15  Command Center  
  54  4:23  SCV x2  
  52  4:25  Hellion x2  
  52  4:27  Stimpack  
  56  4:35  SCV x2  
  58  4:48  SCV x2  
  58  4:49  Starport Reactor  
  58  4:51  Supply Depot  
  58  4:52  Barracks  
  60  4:54  Barracks  
  60  4:55  Factory Reactor  
  60  4:56  Marine  
  61  5:00  SCV  
  62  5:08  Refinery, Engineering Bay  
  62  5:09  Refinery, Engineering Bay  
  62  5:12  SCV x2  
  62  5:13  Marine  
  62  5:22  Supply Depot  
  62  5:24  SCV  
  62  5:25  SCV  
  62  5:27  Barracks  
  62  5:28  Medivac, Barracks  
  64  5:29  Medivac  
  64  5:32  Marine  
  67  5:36  SCV  
  67  5:37  Orbital Command, SCV  
  67  5:41  Terran Infantry Weapons Level 1  
  69  5:44  Marine x2  
  69  5:46  Siege Tank  
  69  5:49  Marine x2  
  76  5:55  SCV x2  
  78  6:02  Marine x2  
  78  6:03  Orbital Command, Marine  
  81  6:07  SCV x2, Marine  
  84  6:18  Supply Depot, Siege Tank  
  87  6:19  SCV x2  
  87  6:21  Barracks Reactor x2  
  87  6:22  Armory  
  89  6:26  Marine x4  
  93  6:34  Terran Infantry Armor Level 1  
  93  6:39  Armory, SCV x3, Marine  
  97  6:51  SCV x3, Marine x4  
  97  6:52  Siege Tank  
  98  6:55  Refinery  
  98  6:57  Marine  
  98  6:59  Marine x2  
  101  7:06  Supply Depot x2  
  101  7:08  Supply Depot  
  101  7:09  Marine  
  101  7:20  Factory  
  101  7:21  Refinery  
  101  7:27  Medivac, SCV x3, Marine x3  
  101  7:28  Medivac, Marine x2  
  113  7:30  Marine x4  
  113  7:31  Siege Tank  
  113  7:32  Supply Depot  
  113  7:33  Terran Vehicle And Ship Armor Level 1  
  120  7:39  SCV x3  
  120  7:40  Terran Vehicle Weapons Level 1  
  123  7:45  Marine x2  
  125  7:53  SCV x2, Marine x2  
  125  7:56  Supply Depot, Marine x4  
  125  7:57  Supply Depot x2  
  133  7:59  Marine  
  133  8:02  Terran Infantry Weapons Level 2  
  133  8:06  Factory Tech Lab  
  133  8:17  Medivac x2, Marine  
  133  8:18  Siege Tank  
  141  8:20  Marine x8  
  141  8:26  Siege Tank  
  152  8:32  Supply Depot  
  152  8:35  Supply Depot  
  152  8:36  Supply Depot  
  150  8:43  Marine x6  
  150  8:44  Marine  
  157  8:50  Terran Infantry Armor Level 2  
  157  8:53  Marine x2  
  157  8:54  Siege Tank  
  162  8:58  Command Center, Siege Tank  
  162  9:01  Marine x2  
  167  9:08  Marine x5  
  167  9:09  Medivac  
  171  9:10  Medivac  
  171  9:11  Marine x2  
  163  9:19  Marine x2  
  163  9:22  Combat Shields  
  165  9:26  Siege Tank, Marine x5  
  165  9:29  Marine x2  
  175  9:34  Siege Tank  
  175  9:37  Marine x2  
  180  9:40  Barracks  
  180  9:41  Barracks  
  180  9:43  Barracks  
  180  9:44  Marine  
  181  9:52  Liberator x2, Marine  
  181  9:56  Marauder  
  181  9:57  Marine  
  181  10:09  Marine x6  
  181  10:10  Supply Depot, Terran Vehicle Weapons Level 2, Terran Vehicle And Ship Armor Level 2, Marine  
  181  10:11  Supply Depot  
  194  10:17  Marauder  
  196  10:29  Marine x8  
  196  10:30  Sensor Tower  
  196  10:35  Planetary Fortress  
  195  10:38  Marine  
  196  10:47  Marine x4  
  200  10:54  Marine x2  
  200  10:55  Siege Tank  
  200  10:56  Marine  
  195  11:03  Marine x2  
  171  11:06  Marine  
  171  11:07  Terran Infantry Weapons Level 3, Terran Infantry Armor Level 3, Marine  
  152  11:23  Orbital Command  
  132  11:38  Marine  
  132  11:39  Marine x6  
  124  11:40  Siege Tank, Marine x2  
  100  11:56  Marine x3  
  100  11:57  Marine x4  
  100  11:58  Marine x2  
  100  11:59  Medivac x2  
  113  12:02  Barracks Reactor, Barracks Tech Lab x2  
  113  12:07  Starport, Fusion Core  
  114  12:08  SCV x3  
  114  12:13  Siege Tank  
  114  12:14  Marine x3  
  114  12:15  Marine x3  
  124  12:17  Marine x3  
  124  12:20  Refinery  
  124  12:25  Supply Depot x2  
  124  12:27  Supply Depot  
  124  12:28  Supply Depot  
  124  12:40  Refinery  
  124  12:41  Refinery  
  124  12:42  Supply Depot x2  
  124  12:44  Terran Ship Weapons Level 1  
  124  12:45  SCV, Starport Tech Lab  
  124  12:46  Medivac x2, SCV x3  
  124  12:49  Marine x2  
  124  12:50  Marine x7  
  139  12:53  Marine  
  139  12:55  Marauder x3  
  139  12:58  SCV x2, Siege Tank  
  150  13:07  Command Center  
  150  13:09  Marine x5  
  150  13:10  Liberator, Marine  
  150  13:11  Liberator x2, Marine  
  150  13:12  Marine  
  140  13:13  Marine  
  140  13:14  Marine  
  140  13:18  SCV x2  
  140  13:19  SCV  
  153  13:36  Advanced Ballistics  
  153  13:43  Marauder  
  153  13:44  Marauder x2  
  149  13:53  Liberator x2  
  149  13:54  Liberator  
  145  14:05  Marauder x3  
  160  14:21  Sensor Tower, Supply Depot  
  160  14:22  Supply Depot  
  160  14:26  Marauder x3  
  160  14:27  Sensor Tower  
  166  14:36  Liberator x2  
  166  14:37  Liberator  
  146  14:48  Marauder x2  
  146  14:52  Marauder  
  152  14:54  Concussive Shells  
  152  14:55  Marine x8  
  152  14:56  Marine x2  
  171  15:09  Marauder  
  173  15:19  Marine x2  
  173  15:20  Marauder x2, Marine x8  
  165  15:31  Starport x2  
Show
View Real Time Build Order
Export as new Build Order

Stephano Zerg - Winner!

Build Orders: Hatch First 

Get SALT Encoding   

  12  0:01  Drone  
  13  0:12  Overlord  
  13  0:17  Drone  
  14  0:31  Drone x2  
  14  0:35  Drone  
  17  0:52  Hatchery  
  17  0:54  Drone  
  17  0:58  Drone  
  18  1:09  Extractor  
  17  1:13  Spawning Pool  
  17  1:16  Drone  
  17  1:19  Drone  
  18  1:28  Drone  
  19  1:39  Overlord  
  19  1:50  Drone  
  20  1:59  Queen  
  20  2:00  Zergling x2  
  23  2:03  Queen  
  23  2:04  Zergling x2  
  26  2:11  Drone  
  27  2:20  Hatchery  
  26  2:23  Drone  
  26  2:26  Drone  
  28  2:31  Metabolic Boost  
  28  2:34  Drone  
  29  2:43  Queen  
  31  2:46  Drone  
  31  2:49  Overlord  
  32  2:53  Drone  
  32  2:57  Drone x2  
  35  3:00  Drone  
  36  3:10  Drone x3  
  36  3:11  Drone  
  40  3:13  Drone x2  
  40  3:19  Queen  
  44  3:22  Overlord  
  44  3:31  Queen  
  44  3:33  Zergling x2  
  48  3:34  Zergling x4  
  48  3:40  Drone  
  50  3:41  Drone x2  
  50  3:42  Drone  
  50  3:44  Drone x2  
  50  3:47  Zergling x2  
  56  3:49  Drone  
  56  3:51  Drone  
  58  3:55  Overlord  
  58  4:05  Overlord x2  
  58  4:23  Drone x7  
  62  4:26  Drone x2  
  62  4:29  Drone x3  
  62  4:30  Evolution Chamber x2  
  65  4:34  Drone  
  65  4:36  Extractor x2  
  65  4:37  Spore Crawler, Overlord x2  
  63  4:39  Drone  
  63  4:41  Spore Crawler  
  63  4:48  Drone  
  63  4:49  Drone  
  63  4:50  Drone  
  63  4:51  Overlord  
  66  4:54  Queen  
  66  4:55  Drone  
  66  4:56  Drone  
  66  4:59  Drone x2  
  72  5:00  Spore Crawler  
  72  5:01  Zerg Ground Armor Level 1  
  72  5:02  Zerg Missile Weapons Level 1  
  72  5:06  Extractor, Zergling x8  
  74  5:13  Drone x2  
  76  5:17  Drone  
  76  5:20  Lair  
  77  5:23  Drone x2  
  77  5:24  Baneling Nest  
  77  5:26  Queen  
  80  5:28  Overlord  
  80  5:32  Extractor, Drone x2  
  80  5:34  Drone x2  
  83  5:36  Drone x2  
  83  5:39  Drone x2  
  87  5:46  Hatchery  
  87  5:50  Drone x2  
  87  5:51  Drone  
  87  5:52  Zergling x2  
  87  5:53  Drone  
  87  5:54  Extractor  
  90  6:01  Drone x2  
  90  6:04  Drone x2  
  93  6:06  Overlord  
  93  6:09  Zergling x2  
  93  6:10  Zergling x6  
  97  6:12  Overlord, Baneling x2  
  97  6:15  Overlord  
  97  6:21  Centrifical Hooks  
  97  6:23  Overlord  
  97  6:24  Hydralisk Den  
  96  6:27  Drone x2  
  99  6:32  Zergling x2  
  99  6:33  Zergling x8  
  99  6:38  Zergling x8  
  107  6:44  Queen  
  109  6:47  Zergling x2  
  109  6:48  Zergling x8  
  109  6:53  Muscular Augments  
  111  6:54  Drone x2  
  112  7:04  Overlord  
  112  7:05  Hatchery  
  112  7:06  Baneling x4  
  112  7:07  Baneling x2  
  111  7:17  Drone x6  
  111  7:18  Overlord  
  111  7:19  Overlord, Pneumatized Carapace  
  111  7:20  Hydralisk x5  
  111  7:21  Hydralisk x2  
  131  7:33  Hydralisk x4  
  139  7:37  Hydralisk x3  
  139  7:39  Hydralisk x2  
  139  7:40  Hydralisk  
  151  7:45  Overlord  
  151  7:46  Extractor x2  
  151  7:47  Drone x2  
  151  7:48  Drone  
  152  7:55  Overlord  
  152  7:56  Overlord  
  152  7:58  Zergling x6  
  152  7:59  Zergling x6  
  152  8:04  Baneling x6  
  152  8:05  Hydralisk x4  
  164  8:18  Hatchery  
  163  8:21  Infestation Pit  
  163  8:22  Drone  
  163  8:23  Zergling x22  
  174  8:32  Hydralisk x5  
  184  8:35  Overlord  
  183  8:47  Overlord  
  183  8:52  Overlord x2  
  183  8:54  Hydralisk x7  
  197  8:56  Zerg Ground Armor Level 2  
  197  8:59  Zerg Missile Weapons Level 2  
  194  9:23  Overlord  
  194  9:25  Hive  
  194  9:42  Overseer  
  194  9:46  Spine Crawler  
  194  9:47  Spine Crawler  
  192  9:55  Baneling x10  
  187  10:02  Baneling x4  
  187  10:20  Hatchery  
  183  10:25  Hydralisk x8  
  199  10:40  Ultralisk Cavern, Baneling x6  
  181  10:58  Zergling x26  
  181  11:02  Zergling x36  
  181  11:03  Zergling x2  
  184  11:08  Zergling x26  
  184  11:09  Zergling x10  
  183  11:15  Queen x2, Zerg Melee Weapons Level 1  
  183  11:16  Baneling x3  
  183  11:18  Baneling x5  
  171  11:27  Zergling x2  
  171  11:28  Zergling x20  
  171  11:29  Baneling  
  171  11:30  Baneling x8  
  149  11:38  Hydralisk x6  
  149  11:39  Hydralisk x2  
  148  11:41  Ultralisk x2  
  148  11:44  Zergling x6  
  158  11:47  Zerg Ground Armor Level 3  
  158  11:48  Chitinous Plating  
  153  12:05  Ultralisk x2  
  165  12:19  Ultralisk x2  
  165  12:22  Drone  
  177  12:23  Drone  
  177  12:28  Overlord  
  178  12:30  Ultralisk  
  178  12:33  Adrenal Glands  
  184  12:38  Drone x5  
  178  13:16  Drone  
  178  13:17  Drone  
  178  13:18  Extractor  
  178  13:19  Zerg Melee Weapons Level 2, Extractor  
  178  13:22  Spire  
  177  13:28  Hatchery  
  176  13:40  Zergling x30  
  176  13:41  Zergling x16  
  199  13:45  Spine Crawler, Spore Crawler  
  197  13:51  Burrow  
  195  14:06  Drone x4  
  199  14:22  Baneling x2  
  199  14:23  Baneling  
  199  14:55  Baneling  
  199  14:56  Baneling x11  
Tags
 
Add a new tag
Caveats
  • Supply blocks, unpowered buildings, or Contaminate may cause inaccurate times.
  • Supply counts are checked every 10 seconds.